 Dungeon Crawl Stone Soup version 0.29.0-15-g675c0067aa (webtiles) character file.

Game seed: 4696049203550884370

1 qw the Sneak (level 1, -3/14 HPs)
             Began as a Gargoyle Delver on Sept 11, 2022.
             Slain by an orc
             ... wielding a +0 mace
              (5 damage)
             ... on level 5 of the Dungeon.
             The game lasted 00:00:01 (23 turns).

qw the Sneak (Gargoyle Delver)                        Turns: 23, Time: 00:00:02

Health: -3/14      AC:  5    Str: 15    XL:     1   Next: 20%
Magic:  1/1        EV: 11    Int: 10    God:
Gold:   0          SH:  0    Dex: 11    Spells: 0/0 levels left

rFire   . . .      SeeInvis .   a - +0 hand axe
rCold   . . .      Faith    .   (no shield)
rNeg    + . .      Spirit   .   b - +0 leather armour
rPois   inf        Reflect  .   (no helmet)
rElec   +          Harm     .   (no cloak)
rCorr   .          Rampage  .   (no gloves)
Will    .....                   (no boots)
Stlth   +++.......              (no amulet)
HPRegen 0.04/turn               (no ring)
MPRegen 0.07/turn               (no ring)

@: no status effects
A: sickness immunity, AC +2, negative energy resistance 1, electricity
resistance, torment resistance 1, petrification resistance
a: no special abilities


You were on level 5 of the Dungeon.
You visited 1 branch of the dungeon, and saw 1 of its levels.


Innate Abilities, Weirdness & Mutations

You are immune to sickness and miasma.
Your stone body is resilient. (AC +2)
You are immune to poison.
You resist negative energy. (rN+)
You are resistant to electric shocks. (rElec)
You are resistant to unholy torment.
You are immune to petrification.


   Skills:
 - Level 3.2 Fighting
 + Level 1.9 Axes
 - Level 1.5 Dodging
 - Level 5.4 Stealth


You couldn't memorise any spells.
You didn't know any spells.
Your spell library was empty.

Inventory:

Hand Weapons
 a - a +0 hand axe (weapon)
Armour
 b - a +0 leather armour (worn)
Wands
 g - a wand of digging (3)
Scrolls
 c - a scroll of fog
 d - a scroll of magic mapping
 e - a scroll of fear
Potions
 f - a potion of haste
 h - a potion of mutation {unknown}

Dungeon Overview and Level Annotations

Branches:
Dungeon (5/15)
 Temple: D:4-7

Altars:

Annotations:
D:5 Menkaure, Pikel


Message History

Menkaure calls on the powers of darkness!
The orc convulses! x2; The dart slug convulses!
The orc convulses!
Your body is wracked with pain!
You hear a shout!
You closely miss the orc.
The orc is moderately wounded.
Menkaure mumbles some strange words.
Menkaure seems to speed up.
You hear a shout!
You hit the orc but do no damage.
The orc is moderately wounded.
The orc hits you with a +0 falchion.
You hit the orc.
The orc is almost dead.
You barely miss the orc. The orc hits you but does no damage.
The orc closely misses you.
You hit the orc.
You kill the orc!
You hit the orc.
Pikel, Merchant of Souls comes into view.
He is wielding a +2 whip of flaming.
The orc hits you but does no damage. x2; The orc hits you with a +0 mace.
You hit the orc but do no damage.
The orc is almost dead.
You completely miss the orc. You hit the lemure but do no damage.
The lemure closely misses you. The orc hits you with a +0 mace.
The orc hits you with a +0 falchion.
Pikel says, "Hell isn't that bad."
You barely miss the orc.
The orc is almost dead.
You closely miss the orc.
The orc shouts!
You hit the lemure but do no damage. The lemure closely misses you.
The orc misses you. The orc hits you but does no damage.
You hit the orc.
You kill the orc!
You hit the lemure. You hit the orc.
An orc wizard comes into view. It is wielding a +0 dagger.
The lemure hits you but does no damage. The orc hits you with a +0 mace.
You die...

# .. ... ...!
o....
.o...5##########
...K.Mo@.##....#
#....w5).......#
##.............#
....######..>..#
... ##....# ..
#....# $ #....#
#....# ######


You could see Pikel, 2 lemures, Menkaure (fast), an orc wizard, a dart slug and
2 orcs.

Vanquished Creatures
  2 orcs (D:5)
2 creatures vanquished.

Notes
Turn   | Place    | Note
-------+----------+-------------------------------------------
     0 | D:5      | qw the Gargoyle Delver began the quest for the Orb.
     0 | D:5      | Reached XP level 1. HP: 14/14 MP: 1/1
     0 | D:5      | 0 ||| qw: Version: 0.1-a-118-gb4e7ce6
     0 | D:5      | 0 ||| qw: Game counter: 10596
     0 | D:5      | 0 ||| qw: Always use a shield: true
     0 | D:5      | 0 ||| qw: God list: Okawaru
     0 | D:5      | 0 ||| qw: Allow faded altars: false
     0 | D:5      | 0 ||| qw: Do Orc after D:15 true
     0 | D:5      | 0 ||| qw: Do second Lair branch before Depths: true
     0 | D:5      | 0 ||| qw: Lair rune preference: random
     0 | D:5      | 0 ||| qw: Plans: Normal
     0 | D:5      | 0 ||| PLANNING D:1-11
    12 | D:5      | Noticed a lemure
    14 | D:5      | 14 ||| Stepping ~*~*~tactically~*~*~ (stealth).
    14 | D:5      | Noticed Menkaure
    15 | D:5      | Noticed a lemure
    20 | D:5      | Noticed Pikel
    21 | D:5      | HP: 1/14 [orc/+0 falchion (5)]
    23 | D:5      | Noticed an orc wizard
    23 | D:5      | Slain by an orc

Levels and vault maps discovered:
D:5:      layout_rooms, ebering_ghost_sewer_d, uniq_menkaure, uniq_duvessa,
          uniq_pikel, uniq_crazy_yiuf_cottage, uniq_edmund

Action                   || total
-------------------------++-------
Melee: Hand axe          ||     8
Armor: Leather armour    ||     5
Dodge: Dodged            ||     6

Table legend:
 A = Non-vault XP
 B = Vault XP
 C = Vault XP percentage of total XP
 D = Non-vault monster count
 E = Vault monster count
 F = Vault count percentage of total count
                 A         B        C        D         E       F
            +---------+---------+-------+---------+---------+-------
      Total |       4 |       0 |   0.0 |       2 |       0 |   0.0
            +---------+---------+-------+---------+---------+-------
        D:5 |       4 |       0 |   0.0 |       2 |       0 |   0.0
            +---------+---------+-------+---------+---------+-------
